 Dungeon Crawl Stone Soup version 0.18.1-5-g4a78601 (webtiles) character file.

90 oplop the Chiller (level 4, -1/28 HPs)
             Began as an Octopode Ice Elementalist on May 13, 2016.
             Slain by a quasit (2 damage)
             ... on level 3 of the Dungeon.
             The game lasted 00:03:36 (2434 turns).

oplop the Chiller (Octopode Ice Elementalist)       Turns: 2434, Time: 00:03:37

Health: -1/28      AC: -1    Str:  7      XL:     4   Next: 56%
Magic:  7/8        EV: 11    Int: 17      God:
Gold:   108        SH:  0    Dex:  6 (13) Spells: 1 memorised, 8 levels left

rFire  . . .     SeeInvis .     (no weapon)
rCold  . . .     Gourm    .     (no shield)
rNeg   . . .     Faith    .     (helmet restricted)
rPois  .         Spirit   .     (no amulet)
rElec  .         Dismiss  .     f - -2 ring of protection (curse)
rCorr  .         Reflect  .     (no ring)
SustAt .         Harm     .     (no ring)
MR     .....                    (no ring)
Stlth  +++.......               (no ring)
                                (no ring)
                                (no ring)
                                (no ring)

@: not resistant to hostile enchantments, fairly stealthy
A: almost no armour, amphibious, 8 rings, constrict 8, camouflage 1, gelatinous
body 1
a: no special abilities


You were on level 3 of the Dungeon.
You were not hungry.

You visited 1 branch of the dungeon, and saw 3 of its levels.

You collected 108 gold pieces.

Inventory:

Jewellery
 f - a cursed -2 ring of protection (left tentacle)
 o - an uncursed ring of poison resistance {unknown}
Scrolls
 l - a scroll of teleportation
 m - 3 scrolls of identify
 n - a scroll of immolation
 q - a scroll of magic mapping {unknown}
Potions
 c - a potion of curing {unknown}
 d - a potion of berserk rage
 e - a potion of agility {unknown}
 g - a potion of flight {unknown}
 h - a potion of degeneration {unknown}
 k - a potion of cancellation {unknown}
 p - a potion of ambrosia {unknown}
Books
 a - a book of Frost

   Spells                             Type                      Level
   a - Freeze                         Ice                          1
   b - Throw Frost                    Conjuration/Ice              2
   c - Ozocubu's Armour               Charms/Ice                   3
   d - Throw Icicle                   Conjuration/Ice              4
   e - Summon Ice Beast               Ice/Summoning                4
Comestibles
 b - 2 bread rations
 i - 2 meat rations
 j - a royal jelly


   Skills:
 + Level 1.2 Fighting
 - Level 2.0 Dodging
 - Level 2.6 Stealth
 * Level 3.2 Spellcasting
   Level 1.0 Conjurations
 * Level 4.0 Ice Magic


You had 8 spell levels left.
You knew the following spells:

 Your Spells              Type           Power        Failure   Level  Hunger
a - Freeze                Ice            ###.         3%          1    None


Dungeon Overview and Level Annotations

Branches:
Dungeon (3/15)

Altars:


Innate Abilities, Weirdness & Mutations

You cannot wear most types of armour.
You are amphibious.
You can wear up to eight rings at the same time.
You can use your tentacles to constrict eight enemies at once.
Your skin changes colour to match your surroundings (Stealth).
Your rubbery body absorbs attacks (AC +1).


Message History

* * * LOW HITPOINT WARNING * * *
You feel clumsy. The quasit barely misses you. The quasit closely misses you.
The quasit barely misses you. The quasit claws you.
* * * LOW HITPOINT WARNING * * *
You feel clumsy. The quasit closely misses you.
Casting: Freeze
Confirm with . or Enter, or press ? or * to list all spells.
Aiming: Freeze
Press: ? - help, Shift-Dir - straight line, f - quasit
Aim: a quasit (lightly wounded, constricted by you)
You freeze the quasit.
The quasit resists.
The quasit is moderately wounded.
You constrict the quasit, but do no damage.
The quasit bites you.
* * * LOW HITPOINT WARNING * * *
You feel clumsy. The quasit claws you.
You die...

#.# #.#
#.########.##
######.##.........
#...............##
#.####.##.#####.#
#.# #.##.# #.# #.#
#.##.# #.# #.#
#.##.# #.# #@#
#.##.#####.# #5#
#..........# #.#
#....####### ..#
#.#### .## #.# #.
#.# #. #.# #. #.#
#.#


You could see a quasit.

Vanquished Creatures
  3 adders
  An ooze (D:1)
  2 worms
  2 dart slugs
  A giant gecko (D:1)
  An orc (D:3)
  9 bats
  3 giant cockroaches
  4 goblins
  4 hobgoblins
  4 kobolds
  2 ball pythons (D:1)
  5 giant newts
  8 rats
49 creatures vanquished.

Notes
Turn   | Place    | Note
--------------------------------------------------------------
     0 | D:1      | oplop the Octopode Ice Elementalist began the quest for the Orb.
     0 | D:1      | Reached XP level 1. HP: 11/11 MP: 3/3
   388 | D:1      | Reached XP level 2. HP: 10/17 MP: 5/5
  1153 | D:1      | Reached XP level 3. HP: 19/22 MP: 7/7
  1521 | D:2      | Reached skill level 1 in Fighting
  1693 | D:2      | Reached XP level 4. HP: 16/28 MP: 8/8
  2131 | D:3      | Reached skill level 4 in Ice Magic
  2434 | D:3      | HP: 1/28 [quasit (3)]
  2434 | D:3      | Slain by a quasit

Skill      XL: |  1  2  3  4 |
---------------+-------------+-----
Fighting       | 1 |  1.2
Spellcasting   | 3 |  3.2
Ice Magic      | 4 |  4.0
Dodging        | |  2.0
Stealth        | |  2.6
Conjurations   | |  1.0

Action                   |  1- 3 |  4- 6 || total
-------------------------+-------+-------++-------
Melee: Unarmed           |    91 |    28 ||   119
       Constrict         |    28 |     8 ||    36
       Tentacles         |    13 |     6 ||    19
 Cast: Freeze            |     9 |     8 ||    17
  Use: Scroll            |     3 |     3 ||     6
 Stab: Sleeping          |    12 |     4 ||    16
  Eat: Chunk             |     2 |     3 ||     5
Dodge: Dodged            |    56 |    27 ||    83
